 Dungeon Crawl Stone Soup version 0.20-a0-492-g6327889 (webtiles) character file.

81 Goblin1989 the Insei (level 4, -2/32 HPs)
             Began as a Barachian Transmuter on Jan 15, 2017.
             Slain by a sky beast (6 damage)
             ... on level 3 of the Dungeon.
             The game lasted 00:04:29 (2590 turns).

Goblin1989 the Insei (Barachian Transmuter)         Turns: 2590, Time: 00:04:30

Health: -2/32      AC:  2    Str:  9    XL:     4   Next: 40%
Magic:  5/7        EV: 12    Int: 11    God:
Gold:   79         SH:  0    Dex: 11    Spells: 4/7 levels left

rFire    . . .     SeeInvis .     - Unarmed
rCold    . . .     Gourm    .   b - +0 robe
rNeg     . . .     Faith    .   (no shield)
rPois    .         Spirit   .   (no helmet)
rElec    .         Reflect  .   (no cloak)
rCorr    .         Harm     .   (no gloves)
MR       .....                  (no boots)
Stlth    +.........             (no amulet)
Regen    0.1/turn               (no ring)
                                (no ring)

@: slow
A: swims, slowness 1, strong legs 1
a: Hop


You were on level 3 of the Dungeon.
You were not hungry.

You visited 1 branch of the dungeon, and saw 3 of its levels.

You collected 79 gold pieces.

Inventory:

Missiles
 a - 32 arrows
Armour
 b - a +0 robe (worn)
 f - a +0 ring mail of poison resistance
Jewellery
 k - an uncursed amulet of guardian spirit {unknown}
Scrolls
 h - a scroll of remove curse {unknown}
 i - a scroll of recharging {unknown}
 l - a scroll of noise {unknown}
 n - a scroll of teleportation {unknown}
 o - a scroll of identify {unknown}
 p - a scroll of enchant armour {unknown}
Potions
 e - 2 potions of curing {unknown}
 j - 2 potions of lignification {unknown}
Books
 c - a book of Changes

   Spells                             Type                      Level
   a - Beastly Appendage              Transmutation                1
   b - Sticks to Snakes               Transmutation                2
   c - Spider Form                    Transmutation/Poison         3
   d - Ice Form                       Ice/Transmutation            4
   e - Blade Hands                    Transmutation                5
Comestibles
 d - a bread ration {@e1}
 g - 2 meat rations {@e2}
 m - 2 chunks of flesh {@w0}


   Skills:
 - Level 1.1 Fighting
 - Level 2.0 Dodging
 + Level 5.1 Unarmed Combat
 - Level 2.0 Spellcasting
 - Level 2.0 Transmutations


You had 4 spell levels left.
You knew the following spells:

 Your Spells              Type           Power        Failure   Level  Hunger
a - Beastly Appendage     Tmut           #.....       14%         1    ##.....
b - Sticks to Snakes      Tmut           #.......     21%         2    ###....


Dungeon Overview and Level Annotations

Branches:
Dungeon (3/15)

Altars:


Innate Abilities, Weirdness & Mutations

You can swim through water.
You cover ground slowly.
You can hop short distances.


Message History

Natasha dies!
Moaning pathetically, Natasha's spirit plunges into the ground.
The shadow imp disappears in a puff of smoke!
Your Unarmed Combat skill increases to level 5!
Your adder looks stronger.
You swap places.
Something hits you. Something shocks you.
You take 7 damage, and have 25/32 hp.
MASSIVE DAMAGE!!
You barely miss something. Something hits you but does no damage.
You miss something. You miss something. Something hits you but does no damage.
You miss something. Something hits you. Something shocks you.
You take 8 damage, and have 17/32 hp.
MASSIVE DAMAGE!!
You hit something but do no damage. Something hits you. Something shocks you.
* * * LOW HITPOINT WARNING * * *
You take 8 damage, and have 9/32 hp.
MASSIVE DAMAGE!!
You closely miss something. Something completely misses you.
You miss something. Something hits you.
* * * LOW HITPOINT WARNING * * *
Something shocks you.
You die... █.█ █.█ █.█ █.█ ██████<██

.........█
.........█
.███████S█
█@█ █.█
█)█ █)█
████.█
█...≈█
█.████ █.█
█.█


You could see a friendly adder.

Vanquished Creatures
  2 adders
  2 dart slugs
  2 leopard geckos (D:2)
  6 bats
  A giant cockroach (D:1)
  4 goblins
  5 hobgoblins
  2 jackals (D:1)
  A quokka (D:2)
  2 ball pythons
  4 frilled lizards
  3 kobolds
  8 rats
42 creatures vanquished.

Vanquished Creatures (collateral kills)
  Natasha (D:3)
  2 goblins (D:3)
3 creatures vanquished.

Grand Total: 45 creatures vanquished

Notes
Turn   | Place    | Note
-------+----------+-------------------------------------------
     0 | D:1      | Goblin1989 the Barachian Transmuter began the quest for the Orb.
     0 | D:1      | Reached XP level 1. HP: 15/15 MP: 3/3
   461 | D:1      | Reached XP level 2. HP: 13/21 MP: 3/5
   779 | D:1      | Reached skill level 4 in Unarmed Combat
  1031 | D:1      | Reached XP level 3. HP: 26/26 MP: 6/6
  1767 | D:2      | Reached XP level 4. HP: 15/32 MP: 7/7
  2110 | D:2      | Learned a level 2 spell: Sticks to Snakes
  2557 | D:3      | Noticed Natasha
  2559 | D:3      | Noticed a sky beast
  2581 | D:3      | Killed Natasha
  2581 | D:3      | Reached skill level 5 in Unarmed Combat
  2590 | D:3      | Slain by a sky beast

Vault maps used:
D:1:      dpeg_arrival_arbitrary_a
D:3:      uniq_grinder, uniq_natasha

Skill      XL: |  1  2  3  4 |
---------------+-------------+-----
Unarmed Combat | 4 5 |  5.1
Fighting       | |  1.1
Dodging        | |  2.0
Spellcasting   | |  2.0
Transmutations | |  2.0

Action                   |  1- 3 |  4- 6 || total
-------------------------+-------+-------++-------
Melee: Unarmed           |   140 |    46 ||   186
       Kick              |     5 |       ||     5
       Punch             |     3 |       ||     3
       Headbutt          |     3 |       ||     3
 Cast: Beastly Appendage |     4 |       ||     4
       Sticks to Snakes  |       |     2 ||     2
 Stab: Sleeping          |     2 |       ||     2
  Eat: Chunk             |     3 |     3 ||     6
Armor: Robe              |    20 |     7 ||    27
Dodge: Dodged            |   104 |    28 ||   132

Vault maps used:
D:1:      dpeg_arrival_arbitrary_a
D:3:      uniq_grinder, uniq_natasha
